Map: Invader LE

Players

DrunkenJawa

  • Race: Protoss Protoss
  • League: Silver

Diccico - Winner!

  • Race: Protoss Protoss
  • League: Gold

VOD

Have the link to the VOD?

Description

Time

  • Played on: May 12, 2016, 8:49 p.m.
  • Length: 13:16
Show
View Real Time Build Order
Export as new Build Order

DrunkenJawa Protoss 

Build Orders:  

Get SALT Encoding   

  12  0:01  Probe (Chrono Boost)  
  13  0:18  Pylon  
  13  0:20  Probe (Chrono Boost)  
  14  0:30  Probe (Chrono Boost)  
  15  0:41  Probe (Chrono Boost), Gateway  
  16  0:52  Probe (Chrono Boost)  
  16  0:53  Assimilator  
  17  1:03  Probe (Chrono Boost)  
  18  1:16  Probe (Chrono Boost)  
  19  1:32  Cybernetics Core  
  19  1:33  Gateway  
  19  1:34  Gateway  
  19  1:35  Probe (Chrono Boost)  
  20  1:51  Probe (Chrono Boost)  
  21  1:57  Assimilator  
  21  2:08  Probe (Chrono Boost)  
  22  2:18  Warp Gate (Chrono Boost)  
  22  2:26  Pylon  
  22  2:31  Probe  
  23  2:50  Probe  
  24  2:53  Stalker  
  24  2:54  Stalker  
  28  3:09  Probe  
  29  3:16  Stalker  
  29  3:19  Pylon  
  31  3:22  Robotics Facility  
  31  3:35  Pylon  
  31  3:38  Mothership Core  
  31  3:40  Pylon  
  33  3:43  Stalker  
  33  4:12  Stalker  
  33  4:13  Zealot  
  37  4:19  Warp Prism (Chrono Boost)  
  39  4:35  Pylon  
  39  4:48  Nexus  
  39  4:51  Pylon  
  39  5:06  Pylon  
  39  5:11  Observer  
  40  5:15  Stalker  
  40  5:16  Adept x2  
  46  5:27  Probe  
  45  5:39  Probe  
  36  5:47  Forge  
  36  5:52  Stalker x2  
  36  5:53  Stalker  
  42  6:04  Probe  
  42  6:05  Probe  
  44  6:16  Probe  
  44  6:17  Probe  
  46  6:24  Photon Cannon  
  45  6:27  Immortal (Chrono Boost)  
  45  6:30  Probe  
  45  6:31  Probe  
  51  6:35  Photon Cannon  
  51  6:41  Stalker  
  51  6:42  Sentry  
  55  6:54  Pylon  
  55  7:02  Observer (Chrono Boost)  
  55  7:04  Zealot  
  55  7:06  Zealot  
  55  7:07  Zealot  
  62  7:21  Gateway  
  62  7:22  Gateway  
  62  7:25  Probe, Gateway  
  62  7:28  Probe  
  64  7:54  Stalker  
  64  7:55  Stalker  
  64  7:57  Stalker  
  70  8:06  Warp Prism (Chrono Boost)  
  72  8:17  Photon Cannon  
  72  8:18  Protoss Ground Weapons Level 1 (Chrono Boost)  
  72  8:20  Probe x2  
  74  8:31  Stalker x2  
  74  8:32  Stalker  
  80  9:09  Probe x2  
  82  9:11  Twilight Council  
  82  9:20  Observer  
  82  9:24  Probe x2  
  84  9:29  Stalker  
  85  9:40  Stalker  
  85  9:41  Stalker x2  
  85  9:42  Stalker  
  81  10:01  Adept x2  
  85  10:09  Pylon, Assimilator  
  85  10:12  Pylon  
  85  10:15  Nexus  
  79  10:24  Stalker x4  
  76  10:40  Mothership Core  
  58  10:50  Pylon  
  58  10:54  Stalker x2  
  53  11:10  Pylon  
  53  11:11  Pylon  
  51  11:33  Pylon  
  51  11:36  Zealot x2  
  53  11:44  Pylon  
  51  11:51  Pylon  
  47  12:01  Pylon  
  47  12:09  Stalker  
  47  12:21  Probe  
  47  12:22  Gateway  
  48  12:31  Probe  
  47  12:44  Gateway  
  47  12:45  Gateway  
Show
View Real Time Build Order
Export as new Build Order

Diccico Protoss - Winner!

Build Orders:  

Get SALT Encoding   

  12  0:01  Probe (Chrono Boost)  
  13  0:14  Pylon  
  13  0:19  Probe (Chrono Boost)  
  14  0:33  Gateway  
  14  0:37  Probe (Chrono Boost)  
  14  0:42  Assimilator  
  15  0:47  Probe (Chrono Boost)  
  16  0:58  Probe (Chrono Boost)  
  16  1:02  Gateway  
  17  1:08  Probe (Chrono Boost)  
  18  1:22  Cybernetics Core  
  18  1:29  Zealot (Chrono Boost)  
  18  1:30  Probe (Chrono Boost)  
  21  1:41  Probe  
  22  1:57  Pylon  
  22  1:59  Assimilator  
  22  2:09  Probe  
  22  2:11  Warp Gate (Chrono Boost)  
  22  2:15  Zealot  
  25  2:18  Adept  
  27  2:35  Probe  
  28  2:42  Stargate  
  28  2:48  Pylon  
  28  2:50  Adept  
  30  3:16  Stargate  
  30  3:35  Forge  
  30  3:39  Probe  
  31  3:42  Pylon  
  31  3:51  Probe  
  25  4:29  Mothership Core  
  25  4:32  Oracle (Chrono Boost)  
  25  4:38  Void Ray (Chrono Boost)  
  32  4:40  Photon Cannon  
  32  4:46  Photon Cannon  
  32  4:47  Zealot  
  32  4:48  Zealot  
  32  4:52  Pylon  
  36  5:12  Stalker x2  
  40  5:35  Photon Cannon  
  40  5:47  Protoss Ground Weapons Level 1 (Chrono Boost)  
  40  5:52  Stalker x2  
  40  5:54  Nexus  
  44  6:43  Twilight Council  
  44  6:46  Void Ray  
  44  6:47  Gateway  
  48  6:50  Void Ray  
  52  7:12  Robotics Facility  
  52  7:17  Probe  
  53  7:27  Probe  
  51  7:35  Pylon  
  51  7:38  Probe  
  51  7:39  Pylon  
  52  7:47  Stalker  
  52  7:48  Probe, Stalker  
  57  7:59  Probe  
  58  8:09  Probe  
  58  8:11  Dark Shrine  
  58  8:12  Observer (Chrono Boost)  
  60  8:17  Photon Cannon  
  60  8:24  Protoss Ground Armor Level 1  
  60  8:31  Assimilator  
  60  8:33  Assimilator  
  60  8:34  Zealot x2  
  64  8:54  Zealot  
  66  9:01  Probe  
  67  9:11  Stalker  
  67  9:12  Probe  
  67  9:13  Photon Cannon  
  70  9:35  Dark Templar x2  
  60  10:26  Stalker x2  
  60  10:31  Dark Templar  
  48  11:08  Probe  
  49  11:13  Stalker x3  
  49  11:16  Void Ray  
  49  11:18  Probe, Void Ray  
  64  11:29  Probe  
  65  11:39  Probe  
  66  11:50  Probe  
  67  12:28  Oracle  
  70  12:30  Void Ray  
  70  12:36  Robotics Facility  
  78  12:37  Immortal (Chrono Boost)  
  78  12:46  Twilight Council  
  78  12:47  Photon Cannon  
  78  12:51  Photon Cannon  
Tags
 
Matchup
PvP
Add a new tag
Caveats
  • Supply blocks, unpowered buildings, or Contaminate may cause inaccurate times.
  • Supply counts are checked every 10 seconds.